 Dungeon Crawl Stone Soup version 0.30-a0-1160-g6e42c06551 (webtiles) character file.

Game seed: 9136715867733840905

4192 qeuew the Cutter (level 10, -5/91 HPs)
             Began as a Naga Gladiator on Apr 26, 2023.
             Was a Priest of Cheibriados.
             Killed from afar by an electric eel (10 damage)
             ... with a bolt of electricity
             ... on level 8 of the Dungeon.
             The game lasted 00:11:18 (8417 turns).

qeuew the Cutter (Naga Gladiator)                   Turns: 8417, Time: 00:11:18

Health: -5/91      AC:  9    Str: 25    XL:     10   Next: 29%
Magic:  13/13      EV: 14    Int: 17    God:    Cheibriados [***...]
Gold:   380        SH:  0    Dex: 27    Spells: 9/9 levels left

rFire   . . .        f - +8 dagger of Valour {drain, Fly Dex+3}
rCold   . . .        (no shield)
rNeg    . . .        l - +3 leather armour
rPois   +            c - +0 helmet
rElec   .            (no cloak)
rCorr   .            (no gloves)
SInv    +            (no barding)
Will    +....        (no amulet)
Stlth   ++           (no ring)
HPRegen 0.35/turn    (no ring)
MPRegen 0.13/turn

%: no passive effects
@: flying, very slow
A: AC +3, large, see invisible, deformed body, poison resistance, slowness 2,
spit poison 1, naga tail 1
a: Spit Poison, Renounce Religion, Bend Time, Temporal Distortion


You were on level 8 of the Dungeon.
You worshipped Cheibriados.
Cheibriados was most pleased with you.
You visited 2 branches of the dungeon, and saw 9 of its levels.
You also visited: Ossuary.

You collected 380 gold pieces.

Inventory:

Hand Weapons
 f - the +8 dagger of Valour (weapon) {drain, Fly Dex+3}
   (You found it on level 3 of the Dungeon)

   Dex:       It affects your dexterity (+3).
   Fly:       It grants you flight.
Missiles
 d - 4 throwing nets (quivered)
 e - a javelin
Armour
 c - a +0 helmet (worn)
 l - a +3 leather armour (worn)
Wands
 k - a wand of flame (23)
 m - a wand of digging (5)
 A - a wand of charming (11)
 D - a wand of roots (10)
Scrolls
 a - a scroll of blinking
 j - a scroll of teleportation
 o - 4 scrolls of enchant armour
 p - a scroll of poison
 r - 3 scrolls of brand weapon
 y - a scroll of enchant weapon
Potions
 h - 5 potions of curing
 s - a potion of cancellation
 v - a potion of might
 x - a potion of flight
 B - a potion of resistance


   Skills:
 + Level 6.0 Fighting
 * Level 7.6 Short Blades
 - Level 3.4 Polearms
 + Level 5.4 Throwing
 + Level 4.5 Armour
 + Level 5.3 Dodging
 + Level 5.0 Invocations


You had 9 spell levels left.
You didn't know any spells.
Your spell library contained the following spells:

 Spells                   Type           Power      Damage    Failure   Level
 Beastly Appendage        Tmut           0%         N/A       26%         1
 Freeze                   Ice            0%         1d3       26%         1
 Slow                     Hex            0%         N/A       26%         1
 Ensorcelled Hibernation  Hex/Ice        0%         N/A       36%         2
 Passwall                 Tmut/Erth      0%         N/A       36%         2
 Wereblood                Tmut           0%         N/A       36%         2
 Confusing Touch          Hex            0%         N/A       61%         3
 Frozen Ramparts          Ice            0%         1d1       61%         3
 Hailstorm                Conj/Ice       0%         3d3       61%         3
 Spider Form              Tmut/Pois      0%         N/A       61%         3
 Swiftness                Air            0%         N/A       61%         3
 Vampiric Draining        Necr           0%         2d6       61%         3


Dungeon Overview and Level Annotations

Branches:
Dungeon (8/15)             Temple (1/1) D:4            Lair (0/5) D:8
Ossuary (visited)

Altars:
Cheibriados
Dithmenos
Fedhas
Kikubaaqudgha
Okawaru
Vehumet
Zin


Innate Abilities, Weirdness & Mutations

Your serpentine skin is tough. (AC +3)
You have supernaturally acute eyesight. (SInv)
Armour fits poorly on your strangely shaped body.
Your system is resistant to poisons. (rPois)
You cover ground very slowly.
You can spit poison.
You have a snake-like lower body.


Message History

A steam dragon comes into view.
The steam dragon hisses angrily.
You hit the electric eel.
The electric eel is almost dead.
The electric eel shoots out a bolt of lightning at you!
The bolt of electricity hits the electric eel.
The electric eel completely resists.
The bolt of electricity hits you!
You closely miss the electric eel.
The electric eel is almost dead.
You completely miss the electric eel.
The electric eel is almost dead.
The electric eel shoots out a bolt of lightning at you!
The bolt of electricity hits you. The bolt of electricity hits you!
The bolt of electricity hits the electric eel.
The electric eel completely resists.
The electric eel shoots out a bolt of lightning at you!
The bolt of electricity hits the electric eel.
The electric eel completely resists.
The bolt of electricity hits you!
You miss the electric eel.
The electric eel is almost dead.
Unknown command.
You puncture the electric eel!
You kill the electric eel!
Cheibriados thoroughly appreciates the change of pace.
Unknown command.
The steam dragon breathes steam at you. The ball of steam hits you!
* * * LOW HITPOINT WARNING * * *
You hear a shout! x2
The electric eel shoots out a bolt of lightning at you!
The bolt of electricity hits you.
* * * LOW HITPOINT WARNING * * *
The bolt of electricity hits you.
* * * LOW HITPOINT WARNING * * *
The electric eel shoots out a bolt of lightning at you!
The bolt of electricity hits the steam dragon!
The bolt of electricity hits you!
* * * LOW HITPOINT WARNING * * *
The bolt of electricity hits you!
You die...

#.........# #.........#
.### #.........#
##...## #####.)..##
...#..# #.##..# ......=
#..##.# ###.D..... ##.#
... ..§.....~
#.#######§..~~.~~
####..####@D§.~.~≈~≈≈
##...#..##§§#.S..~≈≈≈≈
##..[..#..#.##.~≈≈≈≈~≈≈
#.......#.#.##)≈≈≈≈≈.~.
#.......#...###~≈≈≈~~..
#.#####.##..# #≈≈≈≈~~.>
#.......###.###≈≈≈≈≈...
#.#.###.#......~≈≈≈~~..
#.#.#
#.###.##..S~~≈~....≈≈


You could see a steam dragon (catching breath) and an electric eel.

Vanquished Creatures
  A gargoyle (D:8)
  A troll (D:8)
  A hornet (D:7)
  A wyvern (D:7)
  Eustachio (D:4)
  A steam dragon (D:6)
  A water moccasin (D:5)
  2 ice beasts
  Duvessa (D:5)
  3 black bears
  An orc warrior (D:6)
  A sky beast (D:7)
  An ogre (D:6)
  3 wolves (D:8)
  A phantom (D:7)
  A kobold brigand (D:4)
  A gnoll sergeant (D:7)
  A bullfrog (D:7)
  2 scorpions
  A wight (Ossuary)
  A water moccasin zombie (Ossuary)
  Dowan (D:5)
  2 howler monkeys
  An electric eel (D:8)
  A human zombie (Ossuary)
  A bullfrog zombie (Ossuary)
  5 hounds
  A jelly (D:7)
  2 orc priests (D:7)
  A gnoll bouda (D:6)
  2 sleepcaps
  4 scorpion zombies (Ossuary)
  Natasha (thrice) (D:3)
  4 iguanas
  5 orc wizards
  2 ogre zombies (Ossuary)
  A mummy (D:7)
  15 gnolls
  5 adders
  7 shadow imps
  3 white imps
  4 ufetubi
  3 adder zombies (Ossuary)
  2 worms
  3 dart slugs
  16 orcs
  8 ball pythons
  6 endoplasms
  2 giant cockroaches (D:4)
  2 gnoll zombies (Ossuary)
  7 goblins
  5 hobgoblins
  3 jackals (D:2)
  3 quokkas
  5 bats (D:1)
  3 frilled lizards
  3 goblin zombies (Ossuary)
  2 hobgoblin zombies (Ossuary)
  3 kobolds
  A kobold zombie (D:7)
  6 orc zombies
  6 rats
186 creatures vanquished.

Vanquished Creatures (others)
  An orc priest (D:7)
  3 demonic plants (D:6)
4 creatures vanquished.

Grand Total: 190 creatures vanquished

Notes
Turn   | Place    | Note
-------+----------+-------------------------------------------
     0 | D:1      | qeuew the Naga Gladiator began the quest for the Orb.
     0 | D:1      | Reached XP level 1. HP: 19/19 MP: 1/1
   123 | D:1      | Reached XP level 2. HP: 22/26 MP: 2/2
   542 | D:1      | Reached XP level 3. HP: 32/32 MP: 3/3
  1334 | D:2      | Reached skill level 1 in Armour
  1537 | D:3      | Noticed Natasha
  1548 | D:3      | Killed Natasha
  1549 | D:3      | Reached XP level 4. HP: 34/40 MP: 4/4
  1620 | D:3      | Identified the +8 dagger of Valour {drain, Fly Dex+3}
  1655 | D:3      | Identified the amulet of Lucidity {Faith rC- Int+9 Stlth+}
  1674 | D:3      | Noticed Natasha
  1685 | D:3      | Killed Natasha
  1789 | D:3      | Noticed Natasha
  1804 | D:3      | Killed Natasha
  1805 | D:3      | Reached skill level 1 in Short Blades
  1805 | D:3      | Reached XP level 5. HP: 16/48 MP: 5/5
  2695 | D:4      | Noticed a kobold brigand
  2704 | D:4      | Killed a kobold brigand
  2705 | D:4      | Reached skill level 2 in Short Blades
  2705 | D:4      | Reached XP level 6. HP: 40/56 MP: 6/6
  2972 | D:4      | Found a staircase to the Ecumenical Temple.
  2972 | D:4      | Noticed Eustachio
  3022 | D:4      | Killed Eustachio
  3023 | D:4      | Reached skill level 3 in Short Blades
  3023 | D:4      | Reached XP level 7. HP: 15/62 MP: 7/7
  3229 | Temple   | Entered the Ecumenical Temple
  3389 | Temple   | Became a worshipper of Cheibriados the Contemplative
  3782 | D:5      | Entered Level 5 of the Dungeon
  3855 | D:5      | Noticed Dowan
  3856 | D:5      | Noticed Duvessa
  3866 | D:5      | Killed Duvessa
  3867 | D:5      | Reached skill level 1 in Invocations
  3871 | D:5      | Reached skill level 4 in Short Blades
  3873 | D:5      | Killed Dowan
  3891 | D:5      | Reached XP level 8. HP: 24/72 MP: 7/9
  4173 | D:5      | Reached * piety under Cheibriados
  4756 | D:5      | Reached skill level 5 in Short Blades
  4779 | D:5      | You are sucked into a shaft and drop 2 floors!
  4799 | D:7      | Found a sand-covered staircase.
  4811 | Ossuary  | Entered an ossuary
  5201 | Ossuary  | Reached ** piety under Cheibriados
  5202 | Ossuary  | Reached XP level 9. HP: 59/76 MP: 11/11
  5202 | Ossuary  | Noticed a silent spectre
  5408 | D:7      | Noticed a hornet
  5422 | D:7      | Killed a hornet
  5512 | D:6      | Reached skill level 5 in Fighting
  5512 | D:6      | Reached skill level 6 in Short Blades
  5952 | D:6      | Identified the ring "Bioduz" {Ice Stlth+}
  6577 | D:6      | Reached *** piety under Cheibriados
  7298 | D:7      | Found a shadowy altar of Dithmenos.
  7337 | D:7      | Found a radiant altar of Vehumet.
  7352 | D:7      | Reached skill level 5 in Throwing
  7438 | D:7      | Reached skill level 7 in Short Blades
  7438 | D:7      | Reached skill level 5 in Dodging
  7783 | D:8      | Reached XP level 10. HP: 85/90 MP: 13/13
  7905 | D:8      | Noticed a gargoyle
  8138 | D:8      | Found a staircase to the Lair.
  8234 | D:8      | Killed a gargoyle
  8235 | D:8      | Reached skill level 5 in Invocations
  8417 | D:8      | Killed from afar by an electric eel

Illustrated notes

Levels and vault maps discovered:
D:1:      wander_arrival_peaceful_grave, layout_loops_ring
D:2:      layout_loops_corners
D:3:      layout_loops_ring, uniq_natasha
D:4:      layout_loops_ring, minmay_temple_entry_offerings,
          grunt_decor_fettered, kennysheep_generic_room_3, uniq_eustachio
D:5:      layout_basic, uniq_duvessa
D:6:      layout_loops_corners, serial_demonic, serial_demonic_g,
          serial_demonic_d, serial_demonic_a, serial_demonic_b,
          serial_demonic_b, serial_demonic_e
D:7:      layout_basic, grunt_dithmenos_shadows, fiery_altar_vehumet,
          nicolae_ossuary_entry_giza
D:8:      layout_rooms, erik_lair_island, gammafunk_ghost_hydra_chop,
          minmay_misc_feat_encased, uniq_gastronok, uniq_psyche
Temple:   mainiacjoe_temple_big_plus

Skill      XL: |  1  2  3  4  5  6  7  8  9 10 |
---------------+-------------------------------+-----
Throwing       | 2 3 4 5 |  5.4
Armour         | 1 2 3 4 |  4.5
Short Blades   | 1 2 3 4 5 7 |  7.6
Dodging        | 3 4 5 |  5.3
Fighting       | 3 4 5 6 |  6.0
Invocations    | 1 3 4 5 |  5.0
Polearms       | |  3.4

Action                     |  1- 3 |  4- 6 |  7- 9 | 10-12 || total
---------------------------+-------+-------+-------+-------++-------
  Melee: Trident           |   105 |     1 |       |       ||   106
         Punch             |     1 |     1 |     4 |     1 ||     7
         Dagger            |       |   132 |   463 |    60 ||   655
  Throw: Throwing net      |       |       |       |     1 ||     1
Ability: Spit Poison       |       |     4 |       |       ||     4
    Use: Scroll            |     5 |     2 |    13 |     2 ||    22
         Potion            |     5 |     1 |     6 |       ||    12
   Stab: Sleeping          |     3 |     1 |     2 |       ||     6
         Invisible         |       |       |     1 |       ||     1
         Held in net/web   |       |       |       |     1 ||     1
 Armour: Leather armour    |    28 |    68 |   157 |    18 ||   271
  Dodge: Dodged            |    46 |    97 |   282 |    39 ||   464

Table legend: (Time is in decaauts)
 A = Elapsed time spent in this place.
 B = Non-inter-level travel time spent in this place.
 C = Inter-level travel time spent in this place.
 D = Time resting spent in this place.
 E = Time spent auto-exploring this place.
 F = Levels seen in this place.
 G = Mean time per level.
                   A        B        C        D        E       F      G
               +--------+--------+--------+--------+--------+-----+--------+
         Total |  11646 |  11121 |    525 |     20 |   9492 |  10 | 1164.6 |
       Dungeon |  10848 |  10448 |    400 |     20 |   8991 |   8 | 1356.0 |
        Temple |    273 |    149 |    124 |      0 |    147 |   1 |  273.0 |
       Ossuary |    523 |    523 |      0 |      0 |    353 |   1 |  523.0 |
               +--------+--------+--------+--------+--------+-----+--------+

Top non-repeatable levels by time:
     D:6: 2047 daAuts
     D:5: 1865 daAuts
     D:4: 1506 daAuts
     D:7: 1436 daAuts
     D:3: 1172 daAuts
     D:2: 1132 daAuts
     D:1: 886 daAuts
     D:8: 802 daAuts
 Ossuary: 523 daAuts
  Temple: 273 daAuts
